 Dungeon Crawl Stone Soup version 0.20.1-1-g8b1a95d (webtiles) character file.

77760 HammerPanzer the Minotaur Blade (level 15, -2/223 HPs)
             Began as a Minotaur Berserker on Oct 30, 2017.
             Was the Champion of Trog.
             Slain by Thaneod's ghost (14 damage)
             ... on level 2 of the Pits of Slime.
             The game lasted 01:26:27 (28101 turns).

HammerPanzer the Minotaur Blade (MiBe)             Turns: 28101, Time: 01:26:27

Health: -2/223     AC: 15    Str: 30      XL:     15   Next: 16%
Magic:  14/14      EV:  9    Int:  0 (4)  God:    Trog [******]
Gold:   1641       SH:  4    Dex: 14      Spells: 14/14 levels left

rFire    . . .     SeeInvis .   T - +5 triple sword (slice)
rCold    . . .     Gourm    .   (shield currently unavailable)
rNeg     . . .     Faith    .   L - +8 chain mail "Tutecam" {rElec rPois Dex+2}
rPois    +         Spirit   .   (helmet unavailable)
rElec    +         Reflect  .   K - scarf {cloud immunity}
rCorr    .         Harm     .   p - +2 pair of gloves
MR       +....     Clarity  +   y - +1 pair of boots
Stlth    ..........             (no amulet)
Regen    0.5/turn               g - +3 ring of dexterity
MPRegen  0.2/turn               M - ring of stealth

@: berserking (expiring), corroded, slowed, lost intelligence, studying Armour
A: retaliatory headbutt, horns 3, large bone plates 1, clarity, clumsy 1,
deformed body, dopey 1, sense surroundings 1, shaggy fur 1
a: Berserk, Trog's Hand, Brothers in Arms, Burn Spellbooks, Renounce Religion


You were on level 2 of the Pits of Slime.
You worshipped Trog.
Trog was exalted by your worship.
You were very hungry.

You visited 3 branches of the dungeon, and saw 23 of its levels.

You collected 1641 gold pieces.

Inventory:

Hand Weapons
 a - a +1 hand crossbow of freezing
 s - a +4 antimagic triple sword
 G - a +3 great sword of freezing
 R - a +1 vampiric great sword
 T - a +5 triple sword of slicing (weapon)
Missiles
 J - 44 bolts
Armour
 p - a +2 pair of gloves (worn)
 w - +0 ice dragon scales
 y - a +1 pair of boots (worn)
 K - a scarf of cloud immunity (worn)
 L - the +8 chain mail "Tutecam" (worn) {rElec rPois Dex+2}
   (You found it on level 8 of the Dungeon)

   It affects your dexterity (+2).
   It insulates you from electricity.
   It protects you from poison.
 Q - +0 storm dragon scales
Jewellery
 g - a +3 ring of dexterity (left hand)
 k - an uncursed ring of positive energy
 u - an uncursed ring of protection from cold
 M - a ring of stealth (right hand)
Wands
 q - a wand of polymorph (13/24)
 v - a wand of acid (7/15)
 z - a wand of confusion (39/48)
 C - a wand of digging (12/24)
 H - a wand of flame (25/48)
 O - a wand of lightning (15/15)
 U - a wand of clouds (6/9)
 Y - a wand of paralysis (16/24)
 Z - a wand of lightning (7/15)
Scrolls
 f - 2 scrolls of recharging
 D - 2 scrolls of fog
 E - a scroll of magic mapping
 I - 2 scrolls of remove curse
 W - 7 scrolls of teleportation
 X - 3 scrolls of fear
Potions
 b - 2 potions of cancellation
 d - 2 potions of flight
 e - 4 potions of might
 h - 2 potions of haste
 i - 4 potions of agility
 j - 3 potions of invisibility
 l - 3 potions of brilliance
 n - 4 potions of mutation
 o - 5 potions of lignification
 t - 7 potions of heal wounds
 x - 8 potions of curing
Books
 r - a manual of Armour
Miscellaneous
 F - a phial of floods
Comestibles
 c - 11 bread rations
 m - 15 meat rations
 B - 30 fruits


   Skills:
 + Level 17.8 Fighting
 * Level 23.6 Long Blades
 - Level 2.4 Armour
 - Level 2.1 Dodging


You had 14 spell levels left.
You didn't know any spells.

Dungeon Overview and Level Annotations

Branches:
Dungeon (15/15)            Temple (0/1) D:5            Lair (6/6) D:10
 Shoals (0/4) Lair:3        Snake (0/4) Lair:2        Slime (2/5) Lair:5
    Orc (0/2) D:11         Vaults (0/5) D:13         Depths (0/5) D:15

Altars:
Cheibriados
Elyvilon
Fedhas
Gozag
Makhleb
Okawaru
Qazlal
Sif Muna
Trog
Vehumet
Xom
Yredelemnul
The Shining One

Shops:
D:5 *:   D:15 [

Annotations:
Slime:2 Thaneod's ghost, veteran MiFi


Innate Abilities, Weirdness & Mutations

You reflexively headbutt those who attack you in melee.
You have a pair of large horns on your head.
You are partially covered in large bone plates. (SH +4)
You possess an exceptional clarity of mind.
You are clumsy. (Dex -2)
Armour fits poorly on your strangely shaped body.
You are dopey. (Int -2)
You passively map a small area around you.
You are covered in fur. (AC +1)


Message History

You block the acid blob's attack.
Thaneod's ghost hits you but does no damage.
You completely miss Thaneod's ghost. The acid blob hits you!!
You are splashed with acid!
The acid burns!
Thaneod's ghost hits you!
You slice Thaneod's ghost!! Your headbutt misses Thaneod's ghost.
Thaneod's ghost is lightly damaged.
The acid blob closely misses you. Thaneod's ghost hits you!!
* * * LOW HITPOINT WARNING * * *
The acid blob spits acid at you. The splash of acid hits you!
* * * LOW HITPOINT WARNING * * *
The acid corrodes you!
You are splashed with acid!
The acid burns!
* * * LOW HITPOINT WARNING * * *
You are too berserk!
You feel a strong urge to attack something.
Thaneod's ghost hits you!!!
* * * LOW HITPOINT WARNING * * *
Thaneod's ghost hits you!
You die...

#....##............
#....##.......#...
#....#............ #
##......#......... *,
,#.##.................
,....................#.
.#....................
*#....................,
*
...........@W.........
....##......J.#.......
,, .###
##..<............ *
*#.#..............
#................. ,
##.#.....<........
,#.........#... ,
.............., ,
............. ,, ,


You could see an acid blob and Thaneod's ghost.

Vanquished Creatures
  An emperor scorpion (D:15)
  A dire elephant (D:15)
  A fire dragon (Lair:6)
  An ogre mage (D:13)
  A hydra (Lair:6)
  A naga warrior (Lair:2)
  3 centaur warriors
  4 two-headed ogres
  A fire crab (Lair:6)
  3 large abominations (D:11)
  An unseen horror (D:15)
  An unseen horror (shapeshifter) (D:15)
  4 wizards
  An orc knight (D:15)
  A necromancer (Lair:6)
  2 cyclopes
  4 oklob plants (Lair:2)
  10 ugly things
  3 manticores
  A salamander (D:15)
  16 elephants
  Joseph (D:9)
  3 molten gargoyles (Lair:6)
  6 black mambas
  12 spiny frogs
  2 gargoyles
  4 kobold demonologists (D:13)
  3 rime drakes
  A komodo dragon (shapeshifter) (D:15)
  15 komodo dragons
  An efreet (D:13)
  A yaktaur (D:15)
  3 trolls
  4 polar bears
  A harpy skeleton (D:15)
  14 slime creatures
  5 blink frogs
  10 hippogriffs
  Prince Ribbit (D:6)
  4 dream sheep (Lair:6)
  A tarantella (shapeshifter) (D:15)
  2 vampires
  9 wyverns
  2 shadows (D:15)
  A human (D:7)
  A wraith (D:14)
  49 yaks
  3 hogs (D:7)
  6 golden eyes (Slime:1)
  4 basilisks
  3 hungry ghosts
  12 vampire mosquitoes
  2 steam dragons (Lair:6)
  An acid dragon (D:15)
  2 nagas (Lair:2)
  11 porcupines
  9 water moccasins
  4 hell hounds (Lair:6)
  7 orc warriors
  5 sky beasts
  2 ice beasts
  4 black bears
  8 ogres
  An eye of draining (D:10)
  A necrophage (D:9)
  7 phantoms
  6 wolves
  16 centaurs
  13 crocodiles
  A big kobold (D:12)
  17 bullfrogs
  A water moccasin zombie (D:7)
  A hornet simulacrum (D:14)
  6 scorpions
  15 killer bees
  A troll zombie (D:11)
  4 electric eels (D:10)
  12 wights
  A howler monkey (D:4)
  4 centaur zombies
  2 crimson imps (D:7)
  5 lava snakes (Lair:6)
  4 jellies
  A bullfrog zombie (D:11)
  9 orc priests
  12 hounds
  2 bullfrog skeletons
  4 centaur skeletons
  5 iguanas
  4 orc wizards
  2 yak simulacra (Lair:6)
  2 polar bear simulacra (Lair:6)
  6 worker ants
  4 wolf simulacra (Lair:6)
  5 ogre zombies (D:11)
  7 small abominations (D:11)
  A hound zombie (D:8)
  3 hound skeletons
  14 adders
  2 shadow imps
  2 oozes
  An adder zombie (D:5)
  An adder skeleton (D:8)
  3 worms
  A dart slug (D:4)
  5 leopard geckos
  35 orcs
  A ball python (D:8)
  9 bats
  3 giant cockroaches
  7 goblins
  4 hobgoblins
  18 jackals
  4 quokkas
  5 frilled lizards
  A goblin zombie (D:11)
  2 hobgoblin skeletons (D:11)
  2 hobgoblin zombies (D:11)
  A jackal skeleton (D:5)
  13 kobolds
  An orc skeleton (D:11)
  13 orc zombies (D:11)
  10 rats
  3 river rat simulacra (Lair:6)
  A butterfly (Lair:4)
  A plant (Lair:2)
648 creatures vanquished.

Vanquished Creatures (others)
  12 fungi
  5 plants
17 creatures vanquished.

Grand Total: 665 creatures vanquished

Notes
Turn   | Place    | Note
-------+----------+-------------------------------------------
     0 | D:1      | HammerPanzer the Minotaur Berserker began the quest for the Orb.
     0 | D:1      | Reached XP level 1. HP: 19/19 MP: 0/0
   192 | D:3      | Found a shimmering altar of Xom.
   289 | D:1      | Reached skill level 4 in Long Blades
   623 | D:1      | Reached XP level 2. HP: 14/27 MP: 1/1
  1352 | D:2      | Reached XP level 3. HP: 25/33 MP: 2/2
  1608 | D:2      | Reached ** piety under Trog
  1921 | D:2      | Reached skill level 5 in Long Blades
  2094 | D:2      | Reached XP level 4. HP: 41/41 MP: 3/3
  2849 | D:5      | Entered Level 5 of the Dungeon
  2886 | D:4      | Reached skill level 5 in Fighting
  2893 | D:4      | Noticed a phantom
  2914 | D:4      | Killed a phantom
  2914 | D:4      | Reached skill level 6 in Long Blades
  2914 | D:4      | Reached XP level 5. HP: 47/48 MP: 4/4
  2943 | D:5      | Reached skill level 7 in Long Blades
  2943 | D:5      | Reached XP level 6. HP: 47/57 MP: 5/5
  3617 | D:4      | Reached *** piety under Trog
  3897 | D:5      | Found a staircase to the Ecumenical Temple.
  3950 | D:5      | Reached skill level 8 in Long Blades
  3950 | D:5      | Reached XP level 7. HP: 55/64 MP: 6/6
  4050 | D:5      | Found Zadghud's Book Emporium.
  4235 | D:5      | Found Tatukk's Assorted Antiques.
  4433 | D:5      | Reached skill level 9 in Long Blades
  4689 | D:5      | Found a burning altar of Makhleb.
  4955 | D:5      | Reached XP level 8. HP: 69/73 MP: 7/7
  5000 | D:5      | Reached skill level 10 in Long Blades
  5227 | D:7      | Found a snail-covered altar of Cheibriados.
  5322 | D:6      | Found a blossoming altar of Fedhas.
  5511 | D:6      | Reached skill level 11 in Long Blades
  5551 | D:6      | Found an iron altar of Okawaru.
  5565 | D:6      | Noticed Prince Ribbit
  5570 | D:6      | Killed Prince Ribbit
  5906 | D:7      | Reached **** piety under Trog
  5958 | D:7      | Reached XP level 9. HP: 75/82 MP: 8/8
  6140 | D:7      | Reached skill level 12 in Long Blades
  6225 | D:7      | Found a glowing golden altar of the Shining One.
  6272 | D:7      | Reached skill level 13 in Long Blades
  6365 | D:7      | Reached skill level 10 in Fighting
  6537 | D:7      | Gained mutation: Armour fits poorly on your strangely shaped body. [mutagenic meat]
  6538 | D:7      | Gained mutation: You have a pair of large horns on your head. [mutagenic meat]
  6539 | D:7      | Gained mutation: You have large cloven feet. [mutagenic meat]
  6540 | D:7      | Gained mutation: You evolve. [mutagenic meat]
  6541 | D:7      | Gained mutation: Your magical capacity is low. (-10% MP) [mutagenic meat]
  7306 | D:8      | Got a crude chain mail
  7349 | D:8      | Reached XP level 10. HP: 94/94 MP: 8/8
  7367 | D:8      | Reached skill level 14 in Long Blades
  7932 | D:8      | Found an opulent altar of Gozag.
  8005 | D:8      | Gained mutation: You are dopey. (Int -2) [mutagenic meat]
  8006 | D:8      | Gained mutation: Your spells are a little easier to cast, but a little less powerful. [mutagenic meat]
  8007 | D:8      | Lost mutation: Your magical capacity is low. (-10% MP) [mutagenic meat]
  8008 | D:8      | Lost mutation: You have large cloven feet. [mutagenic meat]
  8009 | D:8      | Gained mutation: You possess an exceptional clarity of mind. [mutagenic meat]
  8010 | D:8      | Gained mutation: You passively map a small area around you. [mutagenic meat]
  8550 | D:8      | Found a radiant altar of Vehumet.
  8556 | D:8      | Found a bloodstained altar of Trog.
  8557 | D:8      | Found a deep blue altar of Sif Muna.
  8638 | D:10     | Entered Level 10 of the Dungeon
  8680 | D:9      | Noticed Joseph
  8690 | D:9      | Killed Joseph
  8992 | D:9      | Reached skill level 15 in Long Blades
  9218 | D:9      | Reached ***** piety under Trog
  9329 | D:9      | Noticed a two-headed ogre
  9599 | D:9      | Identified the +8 chain mail "Tutecam" {rElec rPois Dex+2} (You found it on level 8 of the Dungeon)
  9890 | D:9      | Reached XP level 11. HP: 79/103 MP: 10/10
  9945 | D:9      | Found a basalt altar of Yredelemnul.
  9945 | D:9      | Found a stormy altar of Qazlal.
 10083 | D:10     | Reached skill level 16 in Long Blades
 10116 | D:10     | Found a staircase to the Lair.
 10126 | D:10     | Killed a two-headed ogre
 10832 | D:10     | Received a gift from Trog
 10871 | D:11     | Reached skill level 17 in Long Blades
 11032 | D:11     | Found a staircase to the Orcish Mines.
 11820 | D:11     | Noticed a wizard
 11845 | D:11     | Killed a wizard
 12005 | D:11     | Noticed a large abomination
 12015 | D:11     | Killed a large abomination
 12015 | D:11     | Reached skill level 18 in Long Blades
 12015 | D:11     | Reached XP level 12. HP: 45/114 MP: 11/11
 12945 | D:12     | Reached ****** piety under Trog
 13042 | D:12     | Received a gift from Trog
 13693 | D:13     | Reached skill level 19 in Long Blades
 13910 | D:14     | Gained mutation: You are partially covered in large bone plates. (SH +4) [evolution]
 14129 | D:13     | Found a gate to the Vaults.
 14129 | D:13     | Noticed a two-headed ogre
 14130 | D:13     | Noticed a two-headed ogre
 14130 | D:13     | Noticed an ogre mage
 14133 | D:13     | Killed a two-headed ogre
 14134 | D:13     | Killed a two-headed ogre
 14139 | D:13     | Killed an ogre mage
 14398 | D:13     | Noticed a centaur warrior
 14405 | D:13     | Killed a centaur warrior
 14781 | D:14     | Noticed a centaur warrior
 14790 | D:14     | Killed a centaur warrior
 14792 | D:14     | Reached XP level 13. HP: 125/125 MP: 12/12
 14805 | D:13     | Reached skill level 20 in Long Blades
 15229 | D:14     | Reached skill level 15 in Fighting
 15262 | D:14     | Lost mutation: Your spells are a little easier to cast, but a little less powerful. [evolution]
 15337 | D:15     | Entered Level 15 of the Dungeon
 15513 | D:14     | Received a gift from Trog
 16854 | D:15     | Gained mutation: You are covered in fur. (AC +1) [mutagenic meat]
 17163 | D:15     | Found a staircase to the Depths.
 17163 | D:15     | Noticed a dire elephant
 17164 | D:15     | Noticed an emperor scorpion
 17167 | D:15     | Reached skill level 21 in Long Blades
 17174 | D:15     | Killed a dire elephant
 17185 | D:15     | Killed an emperor scorpion
 17758 | D:15     | Received a gift from Trog
 17998 | D:15     | Found Xame's Armour Emporium.
 18235 | Lair:1   | Entered Level 1 of the Lair of Beasts
 18494 | Lair:1   | Received a gift from Trog
 19202 | Lair:1   | Reached XP level 14. HP: 137/137 MP: 13/13
 19571 | Lair:2   | Found a staircase to the Snake Pit.
 19701 | Lair:2   | Gained mutation: You are clumsy. (Dex -2) [evolution]
 19701 | Lair:2   | Lost mutation: You evolve. [end of evolution]
 19983 | Lair:3   | Found a staircase to the Shoals.
 21110 | Lair:2   | Reached skill level 22 in Long Blades
 23701 | Lair:5   | Found a staircase to the Slime Pits.
 24270 | Lair:5   | Found a white marble altar of Elyvilon.
 24319 | Lair:6   | Entered Level 6 of the Lair of Beasts
 25030 | Lair:6   | Received a gift from Trog
 25570 | Lair:6   | Reached skill level 23 in Long Blades
 25669 | Lair:6   | Found a large runed door.
 25770 | Lair:6   | Found a large runed door.
 26352 | Lair:6   | Reached XP level 15. HP: 133/147 MP: 14/14
 27889 | Slime:1  | Entered Level 1 of the Pits of Slime
 27942 | Slime:1  | Received a gift from Trog
 28026 | Slime:1  | Lost intelligence.
 28090 | Slime:2  | Noticed Thaneod's ghost (veteran MiFi)
 28092 | Slime:2  | Noticed an acid blob
 28101 | Slime:2  | Slain by Thaneod's ghost

Skill      XL: |  1  2  3  4  5  6  7  8  9 10 11 12 13 14 |
---------------+-------------------------------------------+-----
Long Blades    | 4 5 6 7 8 9 11 13 15 18 19 21 23 | 23.6
Fighting       | 4 5 6 7 8 10 11 13 14 16 17 | 17.8
Armour         | |  2.4
Dodging        | |  2.1

Action                   |  1- 3 |  4- 6 |  7- 9 | 10-12 | 13-15 || total
-------------------------+-------+-------+-------+-------+-------++-------
Melee: Falchion          |    67 |   123 |   267 |    23 |       ||   480
       Headbutt          |    10 |    29 |    52 |   116 |   173 ||   380
       Long sword        |       |       |       |   113 |       ||   113
       Great sword       |       |       |       |   305 |    76 ||   381
       Triple sword      |       |       |       |    92 |   577 ||   669
 Fire: Hand crossbow     |       |       |       |    10 |    53 ||    63
Throw: Tomahawk          |       |       |     2 |       |       ||     2
Invok: Burn Spellbooks   |     1 |       |     1 |     2 |     5 ||     9
       Berserk           |       |     1 |     3 |    19 |    14 ||    37
Evoke: Wand              |       |       |       |       |     2 ||     2
  Use: Scroll            |       |    12 |     3 |    16 |    15 ||    46
       Potion            |       |       |       |     1 |     2 ||     3
  Eat: Chunk             |     4 |     6 |    15 |    41 |    42 ||   108
       Royal jelly       |       |       |     2 |     3 |     7 ||    12
       Fruit             |       |       |       |     1 |     1 ||     2
       Bread ration      |       |       |       |     1 |       ||     1
Armor: Animal skin       |     4 |       |       |       |       ||     4
       Leather armour    |    24 |       |       |       |       ||    24
       Ice dragon scales |       |    53 |   114 |    28 |       ||   195
       Chain mail        |       |       |       |   230 |   277 ||   507
Dodge: Dodged            |    47 |    49 |   118 |   229 |   247 ||   690
Block: Other             |       |       |       |    11 |    83 ||    94
       Rpst.: Falchion   |    11 |    11 |    25 |     4 |       ||    51
       Long sword        |       |       |       |    10 |       ||    10
       Great sword       |       |       |       |    23 |     4 ||    27
       Triple sword      |       |       |       |     9 |    53 ||    62
